 Dungeon Sprint DCSS version 0.30-a0-779-g7971cf19c3 (webtiles) character file.

Game seed: 3697858287967264016

1000 dialectric the Protected (level 8, -3/60 HPs)
             Began as a Gargoyle Fighter on Feb 17, 2023.
             Slain by a flying skull (6 damage)
             ... in the Dungeon (Sprint II: "The Violet Keep of Menkaure").
             The game lasted 00:00:56 (244 turns).

dialectric the Protected (Gargoyle Fighter)          Turns: 244, Time: 00:00:57

Health: -3/60      AC: 14    Str: 23    XL:     8   Next: 19%
Magic:  8/8        EV: 10    Int:  8    God:
Gold:   486        SH:  0    Dex:  9    Spells: 7/7 levels left

rFire   . . .      SeeInvis .    a - +0 flail
rCold   . . .      Faith    .    (no shield)
rNeg    + . .      Spirit   .    b - +0 scale mail
rPois   ∞          Reflect  .    (no helmet)
rElec   +          Harm     .    (no cloak)
rCorr   .          Rampage  .    (no gloves)
Will    .....      NoTele   +    (no boots) Stlth
                                 (no amulet)
HPRegen 0.30/turn                (no ring)
MPRegen 0.11/turn                (no ring)

@: no status effects
A: sickness immunity, AC +5, negative energy resistance 1, electricity
resistance, torment resistance 1, petrification resistance
a: no special abilities


You were in the Dungeon.
You visited 1 branch You collected 486 gold pieces.

Inventory:

Hand Weapons
 a - a +0 flail (weapon)
Armour
 b - a +0 scale mail (worn)
 c - a +0 buckler
Scrolls
 j - a scroll of blinking
Potions
 f - a potion of heal wounds
 g - a potion of haste
 h - 2 potions of magic


   Skills:
 + Level 11.5 Fighting
 + Level 9.9 Maces & Flails
 + Level 11.5 Armour
 - Level 2.2 Dodging
 - Level 3.2 Shields


You had 7 spell levels left.
You didn't know any spells.
Your spell library was empty.

Dungeon Overview and Level Annotations

Branches:
Dungeon (1/1)

Altars:

Annotations:
D Menkaure


Innate Abilities, Weirdness & Mutations

You are immune to sickness and miasma.
Your stone body is resilient. (AC +5)
You are immune to poison.
You resist negative energy. (rN+)
You are resistant to electric shocks. (rElec)
You are resistant to unholy torment.
You are immune to petrification.


Message History

The flying skull is lightly damaged.
The flying skull hits you.
You miss the flying skull.
The flying skull is lightly damaged.
The flying skull hits you but does no damage. x2
You miss the flying skull.
The flying skull is lightly damaged.
The flying skull hits you but does no damage.
You closely miss the flying skull.
The flying skull is lightly damaged.
The flying skull hits you! The flying skull misses you.
You thump the flying skull!
The flying skull is severely damaged.
The flying skull hits you but does no damage.
You miss the flying skull.
The flying skull is severely damaged.
The flying skull hits you.
You hit the flying skull.
The flying skull is almost destroyed.
The flying skull hits you.
The flying skull hits you but does no damage.
You hit the flying skull.
You destroy the flying skull!
The flying skull misses you.
You closely miss the flying skull. The flying skull hits you.
You closely miss the flying skull. The flying skull hits you!
The flying skull hits you.
You sock the flying skull!
The flying skull is severely damaged.
The flying skull hits you!
* * * LOW HITPOINT WARNING * * *
You hit the flying skull.
The flying skull is severely damaged.
The flying skull hits you but does no damage.
You hit the flying skull.
The flying skull is severely damaged.
The flying skull hits you!
* * * LOW HITPOINT WARNING * * *
The flying skull hits you.
You die... #≈z≈zz #~~#'zz#+++## ~~~..M.z....# ##'## ##z○z## #zz#zz#

####z#z## #
#.###z##
.##
#.##@##B..#
#+.<.+#
###.##B.$#
##'## .##
#.).# #
#..#..# ##.
.## ## ##


You could see 9 flying skulls.

Vanquished Creatures
  A merfolk siren (D)
  A flying skull (D)
  2 neqoxecs (D)
  4 necrophages (D)
8 creatures vanquished.

Notes
Turn   | Place    | Note
-------+----------+-------------------------------------------
     0 | D        | dialectric the Gargoyle Fighter began the quest for the
                  | Orb.
     0 | D        | Reached XP level 1. HP: 14/14 MP: 1/1
     8 | D        | Noticed a necrophage
     8 | D        | Noticed a necrophage
     8 | D        | Noticed a necrophage
     8 | D        | Noticed a necrophage
    16 | D        | Killed a necrophage
    17 | D        | Reached XP level 2. HP: 11/22 MP: 2/2
    17 | D        | Reached XP level 3. HP: 13/27 MP: 3/3
    17 | D        | Reached XP level 4. HP: 16/32 MP: 4/4
    24 | D        | Killed a necrophage
    25 | D        | Reached XP level 5. HP: 25/38 MP: 5/5
    31 | D        | Reached skill level 5 in Maces & Flails
    31 | D        | Reached skill level 1 in Dodging
    38 | D        | Reached XP level 6. HP: 23/45 MP: 6/6
    40 | D        | Noticed a merfolk siren
    50 | D        | Killed a merfolk siren
    51 | D        | Reached skill level 10 in Fighting
    51 | D        | Reached skill level 10 in Armour
    51 | D        | Reached XP level 7. HP: 22/53 MP: 7/7
   160 | D        | Noticed a neqoxec
   165 | D        | Noticed a neqoxec
   169 | D        | Killed a neqoxec
   175 | D        | Killed a neqoxec
   176 | D        | Reached XP level 8. HP: 60/60 MP: 8/8
   209 | D        | Noticed a boulder beetle
   209 | D        | Noticed a boulder beetle
   225 | D        | Noticed a flying skull
   225 | D        | Noticed a flying skull
   225 | D        | Noticed a flying skull
   225 | D        | Noticed a flying skull
   225 | D        | Noticed a flying skull
   225 | D        | Noticed a flying skull
   225 | D        | Noticed a flying skull
   225 | D        | Noticed a flying skull
   226 | D        | Noticed a flying skull
   226 | D        | Noticed Menkaure
   226 | D        | Noticed a flying skull
   228 | D        | Noticed a flying skull
   239 | D        | Killed a flying skull
   244 | D        | HP: 3/60 [flying skull (8)]
   244 | D        | Slain by a flying skull

Illustrated notes

Levels and vault maps discovered:
D:        the_violet_keep_of_menkaure [sprint2_stairs_cluster_1,
          sprint2_shoproom, sprint2_temple, sprint2_basic_supplies,
          sprint2_obstacle_2, sprint2_obstacle_4, sprint2_obstacle_1,
          sprint2_obstacle_6, sprint2_obstacle_3, sprint2_timed_cluster_1,
          sprint2_smallroom_cluster_1, sprint2_smallroom_final_cluster_1,
          sprint2_transparent_cluster_1, sprint2_second_timed_cluster_1,
          sprint2_sniper_area_1, sprint2_heavy_combat_area_1,
          sprint2_mutation_trap_area_1, sprint2_forest_area_1,
          sprint2_light_combat_area_1, sprint2_behind_water_1,
          sprint2_near_end_vault_1]

Skill      XL: |  1  2  3  4  5  6  7 |
---------------+----------------------+-----
Fighting       | 6 7 8 10 11 | 11.5
Maces & Flails | 3 4 6 8 9 |  9.9
Armour         | 6 7 8 10 11 | 11.5
Dodging        | 1 2 |  2.2
Shields        | |  3.2

Action                     |  1- 3 |  4- 6 |  7- 9 || total
---------------------------+-------+-------+-------++-------
  Melee: Flail             |     7 |    29 |    25 ||    61
    Use: Potion            |     1 |     1 |     1 ||     3
 Armour: Scale mail        |     2 |    10 |     9 ||    21
  Dodge: Dodged            |     4 |     9 |     5 ||    18

Table legend: (Time is in decaauts)
 A = Elapsed time spent in this place.
 B = Non-inter-level travel time spent in this place.
 C = Inter-level travel time spent in this place.
 D = Time resting spent in this place.
 E = Time spent auto-exploring this place.
 F = Levels seen in this place.
 G = Mean time per level.
                   A        B        C        D        E       F      G
               +--------+--------+--------+--------+--------+-----+--------+
         Total |    259 |    259 |      0 |    155 |      1 |   1 |  259.0 |
       Dungeon |    259 |    259 |      0 |    155 |      1 |   1 |  259.0 |
               +--------+--------+--------+--------+--------+-----+--------+

Top non-repeatable levels by time:
       D: 259 daAuts
